 Dungeon Crawl Stone Soup version 0.30-a0-149-g7f746667c4 (webtiles) character file.

Game seed: 15683813089443548531

7190 Flugkiller the Thaumaturge (level 10, -2/74 HPs)
             Began as a Mummy Wanderer on Sept 26, 2022.
             Was a High Priest of Dithmenos.
             Slain by a wyvern (4 damage)
             ... on level 9 of the Dungeon.
             The game lasted 00:17:19 (12049 turns).

Flugkiller the Thaumaturge (Mummy Wanderer)        Turns: 12049, Time: 00:17:20

Health: -2/74      AC: 14    Str: 24    XL:     10   Next: 87%
Magic:  17/31      EV: 11    Int: 17    God:    Dithmenos [*****.]
Gold:   684        SH:  0    Dex: 11    Spells: 17/25 levels left

rFire   x . .      SeeInvis .    a - +0 flail
rCold   + + .      Faith    +    (no shield)
rNeg    + + +      Spirit   .    z - +3 leather armour {rC+}
rPois   ∞          Reflect  .    y - +2 helmet {Int+3}
rElec   .          Harm     .    (no cloak)
rCorr   .          Rampage  .    x - +0 pair of gloves
Will    +....                    u - +2 pair of boots
Stlth   +.........               (no amulet)
HPRegen 0.22/turn                f - ring of magical power
MPRegen 0.22/turn                k - +6 ring of strength

@: freezing walls, wreathed by umbra
A: cold resistance 1, negative energy resistance 3, torment resistance 2, heat
vulnerability 1, in touch with death 1, no potions, faith
a: Renounce Religion, Shadow Step, Shadow Form


You were on level 9 of the Dungeon.
You worshipped Dithmenos.
Dithmenos was extremely pleased with you.
You visited 1 branch of the dungeon, and saw 9 of its levels.

You collected 684 gold pieces.

Inventory:

Hand Weapons
 a - a +0 flail (weapon)
Missiles
 b - 15 poisoned darts (quivered)
 l - 5 curare-tipped darts
 q - 5 throwing nets
 t - 3 datura-tipped darts
Armour
 c - +0 steam dragon scales
   (You found it on level 9 of the Dungeon)
 e - a +0 leather armour
 p - a scarf of invisibility
   (You found it on level 4 of the Dungeon)
 u - a +2 pair of boots (worn)
   (You found it on level 5 of the Dungeon)
 x - a +0 pair of gloves (worn)
   (You found it on level 5 of the Dungeon)
 y - a +2 helmet of intelligence (worn)
   (You found it on level 9 of the Dungeon)
 z - a +3 leather armour of cold resistance (worn)
   (You took it off an orc priest on level 7 of the Dungeon)
Jewellery
 f - a ring of magical power (left hand)
   (You took it off an orc on level 4 of the Dungeon)
 k - a +6 ring of strength (right hand)
   (You found it on level 3 of the Dungeon)
Wands
 i - a wand of flame (5)
   (You found it on level 4 of the Dungeon)
 v - a wand of light (4)
   (You found it on level 7 of the Dungeon)
 w - a wand of mindburst (19)
   (You found it on level 5 of the Dungeon)
Scrolls
 d - 2 scrolls of silence
 g - 3 scrolls of amnesia
 h - a scroll of acquirement
 j - 2 scrolls of magic mapping
 m - 5 scrolls of immolation
 n - a scroll of vulnerability
 o - 2 scrolls of enchant weapon
 r - 3 scrolls of identify
 s - a scroll of torment


   Skills:
 + Level 5.4 Fighting
 - Level 3.2 Maces & Flails
 - Level 1.0 Throwing
 - Level 5.0 Armour
 - Level 8.0 Spellcasting
 + Level 5.0 Summonings
 - Level 7.0 Ice Magic
 - Level 7.0 Evocations


You had 17 spell levels left.
You knew the following spells:

 Your Spells              Type           Power      Damage    Failure   Level
a - Freeze                Ice            100%       1d11      1%          1
b - Frozen Ramparts       Ice            60%        1d10      1%          3
c - Summon Ice Beast      Ice/Summ       27%        N/A       10%         4

Your spell library contained the following spells:

 Spells                   Type           Power      Damage    Failure   Level
 Static Discharge         Conj/Air       12%        2-3/arc   17%         2
 Ignite Poison            Fire/Tmut/Pois 6%         N/A       34%         3
 Portal Projectile        Hex/Tloc       12%        N/A       34%         3
 Tukima's Dance           Hex            6%         N/A       34%         3
 Leda's Liquefaction      Hex/Erth       3%         N/A       75%         4
 Sticky Flame             Conj/Fire      6%         2d3       75%         4
 Summon Forest            Summ/Tloc      7%         N/A       75%         5
 Summon Mana Viper        Hex/Summ       15%        N/A       75%         5
 Summon Cactus Giant      Summ           11%        N/A       92%         6
 Arcjolt                  Conj/Air       3%         1d13      97%         5
 Lee's Rapid Deconstruct  Erth           3%         3d6*      97%         5
 Lightning Bolt           Conj/Air       3%         1d14      97%         5
 Maxwell's Capacitive Co  Air            3%         ∞         100%        8
 Ice Form                 Ice/Tmut       Unusable   N/A       N/A         4
 Blade Hands              Tmut           Unusable   N/A       N/A         5
 Statue Form              Tmut/Erth      Unusable   N/A       N/A         6

Dungeon Overview and Level Annotations

Branches:
Dungeon (9/15) Zot: 25946  Temple (0/1) D:5
   Lair: D:8-11         Orc: D:9-12

Altars:
Ashenzari
Dithmenos
Gozag
Kikubaaqudgha
Nemelex Xobeh
Okawaru
Ru
Trog
Yredelemnul

Shops:
D:4 (

Annotations:
D:4 1 runed translucent door, exclusion: door


Innate Abilities, Weirdness & Mutations

You are immune to poison.
Your flesh is cold resistant. (rC+)
You are immune to negative energy. (rN+++)
You are immune to unholy pain and torment.
You are vulnerable to heat. (rF-)
You are in touch with the powers of death.
You do not drink.
You have a special connection with the divine. (Faith)


Message History

Okay, then.
Your frozen ramparts will break if you move.
Continue?
The two-headed ogre attacks as you move away!
The two-headed ogre barely misses you. The two-headed ogre closely misses you.
The frozen ramparts melt away as you move.
The nameless horror closely misses you.
The two-headed ogre attacks as you move away!
The two-headed ogre hits you with a +0 giant spiked club!!
The two-headed ogre hits you but does no damage.
The nameless horror hits you but does no damage.
The nameless horror attacks as you move away!
The nameless horror completely misses you.
The orc priest invokes the aid of Beogh against you.
Beogh smites you!
The bullfrog releases a deep croak.
Casting: Summon Ice Beast (dangerous; 10% risk of failure)
Confirm with . or Enter, or press ? or * to list all spells.
A chill wind blows around you.
The nameless horror hits you but does no damage.
The orc priest calls down the wrath of Beogh upon you.
Beogh smites you!
You swap places.
Your ice beast hits the nameless horror but does no damage.
The nameless horror hits your ice beast.
Casting: Summon Ice Beast (dangerous; 10% risk of failure)
Confirm with . or Enter, or press ? or * to list all spells.
The walls around you are covered in ice.
The wall freezes the two-headed ogre!
The wall freezes the nameless horror.
The nameless horror closely misses your ice beast.
Your ice beast hits the nameless horror but does no damage.
The bullfrog snags a nearby centipede with its tongue.
The wall freezes the two-headed ogre.
The bullfrog snags a nearby mosquito with its tongue.
The wall freezes the nameless horror but does no damage.
The nameless horror misses your ice beast.
Your ice beast hits the nameless horror.
Your ice beast freezes the nameless horror.
The wall freezes the two-headed ogre!
The orc priest mumbles some strange prayers to Beogh against you.
Beogh smites you!
* * * LOW HITPOINT WARNING * * *
Your ice beast hits the nameless horror but does no damage.
The wall freezes the nameless horror but does no damage.
The nameless horror hits your ice beast!
You can't drink.
Unknown command.
As you read the scroll of fear, it crumbles to dust.
You assume a fearsome visage.
The two-headed ogre looks frightened!
The bullfrog resists with some effort.
The orc priest looks frightened!
The nameless horror is unaffected.
The wall freezes the two-headed ogre.
Your attack snaps the two-headed ogre out of its fear.
The two-headed ogre yells, "Help!"
Your ice beast barely misses the nameless horror.
The wall freezes the nameless horror!
Send 'em back where they came from!
Your ice beast shudders.
The wall freezes the two-headed ogre.
The wall freezes the nameless horror but does no damage.
Send 'em back where they came from!
Your ice beast shudders.
Your ice beast hits the nameless horror.
The nameless horror is destroyed!
The wall freezes the bullfrog. x2; The bullfrog hits your ice beast.
Your ice beast barely misses the bullfrog.
The wall freezes the bullfrog.
The bullfrog closely misses your ice beast.
Your ice beast hits the bullfrog.
Your ice beast freezes the bullfrog!
The bullfrog dies!
Dithmenos accepts your kill.
Your magical contamination has completely faded away.
Your frozen ramparts will break if you move.
Continue?
The frozen ramparts melt away as you move.
A wyvern comes into view.
Found 2 javelins.
The wyvern hisses angrily.
Casting: Frozen Ramparts (safe; 1% risk of failure)
Confirm with . or Enter, or press ? or * to list all spells.
The walls around you are covered in ice.
The wall freezes the wyvern.
The wyvern barely misses you.
Casting: Frozen Ramparts (safe; 1% risk of failure)
Confirm with . or Enter, or press ? or * to list all spells.
Aiming: Freeze (safe; 1% risk of failure)
Press: ? - help, Shift-Dir - straight line, f - wyvern
Aim: a wyvern (lightly wounded, umbra)
You freeze the wyvern.
The wyvern is moderately wounded.
The wall freezes the wyvern but does no damage.
The wyvern barely misses you.
The wall freezes the wyvern but does no damage.
The wyvern bites you!
* * * LOW HITPOINT WARNING * * *
Casting: Freeze (safe; 1% risk of failure)
Confirm with . or Enter, or press ? or * to list all spells.
Aiming: Freeze (safe; 1% risk of failure)
Press: ? - help, Shift-Dir - straight line, f/p - wyvern
Aim: a wyvern (moderately wounded, ally target, umbra)
You freeze the wyvern.
The wyvern is heavily wounded.
Your ice beast disappears in a puff of smoke!
The wall freezes the wyvern.
The wyvern bites you.
You die...

### # ##
###....#...
####.#..
.#...#
#..l(#.#
.....
#l####.##..#
#.@.§......#
#######.####
#.# .# ###
#.### #.#
#.. #...#
#.# #.(
###.###.#
#_.
#...#.###..
#......##..
##.....####


You could see a wyvern.

Vanquished Creatures
  A two-headed ogre (D:6)
  2 manticores (D:9)
  Grinder (D:5)
  A nameless horror (D:6)
  A wyvern (D:8)
  6 yaks (D:8)
  A steam dragon (D:9)
  A vampire mosquito (D:8)
  Edmund (D:6)
  A water moccasin (D:8)
  3 sky beasts
  A black bear (D:7)
  An ice beast (D:7)
  4 orc warriors
  An ogre (D:7)
  A phantom (D:5)
  2 centaurs (D:9)
  A bullfrog (D:7)
  A kobold brigand (D:6)
  2 elf skeletons (D:4)
  3 scorpions (D:6)
  A wight (D:9)
  A howler monkey (D:8)
  4 hounds
  3 orc priests
  3 jellies
  3 gnoll boudas
  A human skeleton (D:4)
  5 iguanas
  4 orc wizards
  Natasha (thrice) (D:3)
  16 gnolls
  13 adders
  A white imp (D:5)
  A worm (D:2)
  5 dart slugs
  18 orcs
  4 bats
  2 bat zombies (D:3)
  5 endoplasms
  6 giant cockroaches
  9 hobgoblins
  3 jackals (D:3)
  3 quokkas
  8 ball pythons
  5 frilled lizards
  5 goblins
  19 kobolds
  6 rats
  2 rat zombies (D:3)
195 creatures vanquished.

Vanquished Creatures (collateral kills)
  A cyclops (D:9)
  4 yaks (D:8)
  A vampire mosquito (D:8)
  A water moccasin (D:7)
  A nameless horror (D:9)
  2 bullfrogs
  An orc priest (D:8)
  5 orcs
16 creatures vanquished.

Grand Total: 211 creatures vanquished

Notes
Turn   | Place    | Note
-------+----------+-------------------------------------------
     0 | D:1      | Flugkiller the Mummy Wanderer began the quest for the Orb.
     0 | D:1      | Flugkiller set off with the following items: a +0 flail, 13
                  | poisoned darts, a +0 dagger, a scroll of silence, a +0
                  | leather armour; and the following spell memorised: Freeze;
                  | and the following spells available to memorise: Frozen
                  | Ramparts.
     0 | D:1      | Reached XP level 1. HP: 15/15 MP: 2/2
   142 | D:1      | Reached skill level 2 in Spellcasting
   237 | D:1      | Reached XP level 2. HP: 20/21 MP: 3/5
   498 | D:1      | Found a shadowy altar of Dithmenos.
   564 | D:1      | Became a worshipper of Dithmenos the Shadowed
   791 | D:2      | Gained mutation: You are in touch with the powers of death.
                  | [Mummy growth]
   791 | D:2      | Reached XP level 3. HP: 26/26 MP: 5/7
   797 | D:2      | Reached skill level 3 in Spellcasting
   966 | D:1      | Learned a level 3 spell: Frozen Ramparts
  1259 | D:2      | Reached XP level 4. HP: 26/32 MP: 2/9
  1621 | D:2      | Found a faded altar of an unknown god.
  1643 | D:2      | Reached * piety under Dithmenos
  1935 | D:3      | Reached skill level 4 in Spellcasting
  2323 | D:3      | Noticed Natasha
  2329 | D:3      | Killed Natasha
  2330 | D:3      | Reached XP level 5. HP: 32/37 MP: 6/11
  2583 | D:3      | Noticed Natasha
  2589 | D:3      | Killed Natasha
  2747 | D:3      | Noticed Natasha
  2758 | D:3      | Killed Natasha
  2979 | D:3      | Found an ancient bone altar of Kikubaaqudgha.
  3370 | D:4      | Reached ** piety under Dithmenos
  3467 | D:4      | Reached XP level 6. HP: 23/43 MP: 12/12
  3950 | D:4      | Found a bloodstained altar of Trog.
  3994 | D:4      | Reached skill level 5 in Ice Magic
  4434 | D:4      | Found Vacasm's Firing Range.
  4514 | D:4      | Found a runed translucent door.
  4514 | D:4      | Noticed a human
  4519 | D:4      | Found a basalt altar of Yredelemnul.
  4760 | D:4      | Identified a scroll of acquirement
  4857 | D:4      | Learned a level 4 spell: Summon Ice Beast
  5089 | D:5      | Entered Level 5 of the Dungeon
  5233 | D:4      | Reached XP level 7. HP: 14/52 MP: 3/13
  5866 | D:5      | Reached *** piety under Dithmenos
  5900 | D:5      | Found a staircase to the Ecumenical Temple.
  5931 | D:5      | Noticed Grinder
  5958 | D:5      | Found an iron altar of Okawaru.
  6003 | D:5      | Killed Grinder
  6004 | D:5      | Reached skill level 1 in Evocations
  6063 | D:5      | Reached XP level 8. HP: 52/60 MP: 14/14
  6145 | D:5      | Found an opulent altar of Gozag.
  6473 | D:6      | Reached skill level 1 in Summonings
  6551 | D:6      | Found a broken altar of Ashenzari.
  6650 | D:6      | Reached skill level 5 in Spellcasting
  6745 | D:6      | Reached **** piety under Dithmenos
  6799 | D:6      | Noticed a two-headed ogre
  6931 | D:6      | Noticed Edmund
  7320 | D:6      | Killed Edmund
  7467 | D:6      | Found a shadowy altar of Dithmenos.
  7470 | D:6      | Reached skill level 6 in Spellcasting
  7640 | D:6      | Noticed a nameless horror
  7648 | D:6      | Killed a two-headed ogre
  7649 | D:6      | Reached skill level 7 in Spellcasting
  7649 | D:6      | Reached XP level 9. HP: 34/65 MP: 0/20
  7655 | D:6      | Killed a nameless horror
  8133 | D:7      | Reached skill level 8 in Spellcasting
  8505 | D:7      | Reached skill level 5 in Summonings
  9634 | D:8      | Reached skill level 5 in Fighting
  9725 | D:8      | Reached XP level 10. HP: 46/74 MP: 13/22
  9737 | D:8      | HP: 3/74 [yak (10)]
  9769 | D:8      | Reached skill level 5 in Evocations
 11098 | D:9      | Found a sacrificial altar of Ru.
 11284 | D:9      | Noticed a manticore
 11291 | D:9      | Noticed a cyclops
 11301 | D:9      | Noticed a manticore
 11409 | D:9      | Killed a manticore
 11740 | D:9      | Killed a manticore
 11741 | D:9      | Reached skill level 5 in Armour
 11803 | D:9      | Killed a cyclops
 11803 | D:9      | Reached ***** piety under Dithmenos
 11952 | D:9      | Found a sparkling altar of Nemelex Xobeh.
 12027 | D:9      | Noticed a two-headed ogre
 12048 | D:9      | HP: 2/74 [wyvern (11)]
 12049 | D:9      | Slain by a wyvern

Illustrated notes

Levels and vault maps discovered:
D:1:      minmay_arrival_hallway, layout_rooms, minmay_hexomino_r4
D:2:      layout_basic, serial_forest, infiniplex_forest_straight_3,
          infiniplex_forest_end_1, infiniplex_forest_lined_corner,
          infiniplex_forest_zigzag_1, infiniplex_forest_zigzag_1,
          infiniplex_forest_lined_2, ebering_ecumenical_altar_rust
D:3:      layout_basic, lemuel_zombie_altar_kikubaaqudgha, uniq_natasha
D:4:      layout_layer_cave, trog_hazing_becter, dk_yredelemnul_ordeal,
          nicolae_ossuary_entry_catacombs, nicolae_shop_firing_range
D:5:      minmay_inner_zag, layout_rooms, marbit_many_paths, okawaru_gym_becter,
          nicolae_gozag_cash_rules_everything_around_me, temple_green,
          uniq_grinder
D:6:      layout_basic, zin_scriptorium, kennysheep_mini,
          mainiacjoe_overflow_small_starburst, serial_bayou_crossing,
          uniq_edmund
D:7:      layout_cave_pools
D:8:      layout_loops_corners, serial_co_window_serial,
          co_window_of_opportunity_a, co_window_paths_a, co_window_paths_b,
          co_window_paths_a, co_window_corner_a, co_window_corner_a,
          co_window_broadway_b, co_window_corner_b, co_window_corner_b,
          co_window_2corner, co_window_corner_b, co_window_4corner_a,
          st_stairs_10
D:9:      minmay_thinvault, layout_cave_pools, nemelex_spade_bored_becter,
          lemuel_coloured_pillars_altar, minmay_mirror_moons_of_madness

Skill      XL: |  1  2  3  4  5  6  7  8  9 10 |
---------------+-------------------------------+-----
Spellcasting   | 2 3 4 7 8 |  8.0
Ice Magic      | 2 3 4 5 6 7 |  7.0
Fighting       | 3 4 5 |  5.4
Evocations     | 2 4 7 |  7.0
Summonings     | 3 5 |  5.0
Armour         | 5 |  5.0
Maces & Flails | |  3.2
Throwing       | |  1.0

Action                   |  1- 3 |  4- 6 |  7- 9 | 10-12 || total
-------------------------+-------+-------+-------+-------++-------
Melee: Flail             |    44 |   116 |   102 |    17 ||   279
       Punch             |       |     2 |     4 |       ||     6
 Cast: Freeze            |    33 |    75 |    84 |    39 ||   231
       Frozen Ramparts   |     3 |    11 |    36 |    17 ||    67
       Summon Ice Beast  |       |       |    14 |    14 ||    28
Evoke: Wand              |       |       |     7 |     7 ||    14
  Use: Scroll            |       |     7 |     4 |     3 ||    14
 Stab: Paralysed         |       |       |     3 |       ||     3
       Distracted        |       |       |     1 |       ||     1
Armor: Leather armour    |    28 |    68 |    84 |    35 ||   215
Dodge: Dodged            |    74 |   140 |   137 |    57 ||   408

Table legend: (Time is in decaauts)
 A = Elapsed time spent in this place.
 B = Non-inter-level travel time spent in this place.
 C = Inter-level travel time spent in this place.
 D = Time resting spent in this place.
 E = Time spent auto-exploring this place.
 F = Levels seen in this place.
 G = Mean time per level.
                   A        B        C        D        E       F      G
               +--------+--------+--------+--------+--------+-----+--------+
         Total |  12135 |  11606 |    529 |   4586 |   4631 |   9 | 1348.3 |
       Dungeon |  12135 |  11606 |    529 |   4586 |   4631 |   9 | 1348.3 |
               +--------+--------+--------+--------+--------+-----+--------+

Top non-repeatable levels by time:
     D:4: 2087 daAuts
     D:8: 1898 daAuts
     D:3: 1693 daAuts
     D:6: 1512 daAuts
     D:7: 1265 daAuts
     D:1: 1069 daAuts
     D:9: 935 daAuts
     D:5: 843 daAuts
     D:2: 829 daAuts
